 Dungeon Crawl Stone Soup version 0.29.1-13-g9f3cf754e1 (webtiles) character file.

Game seed: 3416119106800459275

93 theswoord the Twirler (level 4, -3/33 HPs)
             Began as a Demonspawn Gladiator on Jan 24, 2023.
             Slain by Crazy Yiuf
             ... wielding a +4 quarterstaff of chaos
              (11 damage)
             ... on level 2 of the Dungeon.
             The game lasted 00:01:39 (2504 turns).

theswoord the Twirler (Demonspawn Gladiator)        Turns: 2504, Time: 00:01:39

Health: -3/33      AC:  6    Str: 17    XL:     4   Next: 37%
Magic:  4/4        EV: 12    Int:  9    God:
Gold:   62         SH:  0    Dex: 14    Spells: 3/3 levels left

rFire   . . .      SeeInvis .   a - +0 quarterstaff
rCold   . . .      Faith    .   (shield currently unavailable)
rNeg    . . .      Spirit   .   b - +0 leather armour
rPois   .          Reflect  .   c - +0 helmet
rElec   .          Harm     .   (no cloak)
rCorr   .          Rampage  .   (no gloves)
Will    .....                   (no boots)
Stlth   +.........              (no amulet)
HPRegen 0.11/turn               (no ring)
MPRegen 0.09/turn               (no ring)

@: lethally poisoned (-3 -> -16)
A: yellow scales 1
a: no special abilities


You were on level 2 of the Dungeon.
You visited 1 branch of the dungeon, and saw 2 of its levels.

You collected 62 gold pieces.

Inventory:

Hand Weapons
 a - a +0 quarterstaff (weapon)
Missiles
 d - 3 throwing nets (quivered)
 e - a javelin
Armour
 b - a +0 leather armour (worn)
 c - a +0 helmet (worn)
Scrolls
 f - a scroll of enchant armour {unknown}
 h - a scroll of vulnerability {unknown}
Potions
 g - a potion of resistance {unknown}
 i - a potion of attraction {unknown}


   Skills:
 - Level 2.0 Fighting
 + Level 4.8 Staves
 - Level 1.7 Throwing
 - Level 2.6 Dodging


You had 3 spell levels left.
You didn't know any spells.
Your spell library was empty.

Dungeon Overview and Level Annotations

Branches:
Dungeon (2/15)

Altars:

Annotations:
D:2 Crazy Yiuf


Innate Abilities, Weirdness & Mutations

You are partially covered in yellow scales. (AC +2)


Message History

A hobgoblin is nearby!
You hit the hobgoblin.
You kill the hobgoblin!
You see here a hobgoblin corpse.
Key pressed, stopping explore.
No target in view!
No target in view!
No target in view!
No target in view!
No target in view!
Crazy Yiuf shouts!
As you open the door, it creaks loudly!
You hit Crazy Yiuf.
Crazy Yiuf is lightly wounded.
Crazy Yiuf hits you but does no damage.
You closely miss Crazy Yiuf.
Crazy Yiuf is lightly wounded.
Crazy Yiuf hits you with a +4 quarterstaff of chaos.
You are poisoned.
You barely miss Crazy Yiuf.
Crazy Yiuf is lightly wounded.
You feel very sick. Crazy Yiuf barely misses you.
Crazy Yiuf says, "East sow sing!"
Crazy Yiuf hits you with a +4 quarterstaff of chaos.
You are lethally poisoned!
You hit Crazy Yiuf.
Crazy Yiuf is moderately wounded.
* * * LOW HITPOINT WARNING * * *
You feel very sick.
Crazy Yiuf hits you with a +4 quarterstaff of chaos.
* * * LOW HITPOINT WARNING * * *
Crazy Yiuf freezes you.
* * * LOW HITPOINT WARNING * * *
You hit Crazy Yiuf.
Crazy Yiuf is heavily wounded.
* * * LOW HITPOINT WARNING * * *
You feel very sick.
Crazy Yiuf hits you with a +4 quarterstaff of chaos!
You die...

##†###. ##.## ## #.##
# #.# #.## # ###♣♣♣♣♣
##.## ##
#######.+..♣.♣♣♣ ###
##.###.
#...##......♣..♣#...#
##...#
#..........♣♣♣♣@g...#
##..# #...##..'.♣♣
♣♣#..)# #..#
###.######♣♣ ###
#######..# ........#
#.......># ##..###.#
#...[....# #...###.#
###.........
.....##.#
#..#####....
#...###.# #..# #....
##.##
#.##############..#
#.)..


You could see Crazy Yiuf.

Vanquished Creatures
  Natasha (D:2)
  2 adders (D:2)
  2 worms (D:2)
  A dart slug (D:1)
  3 bats
  3 endoplasms (D:2)
  2 giant cockroaches
  2 goblins
  6 hobgoblins
  4 jackals (D:1)
  4 kobolds
  6 ball pythons
  2 frilled lizards (D:1)
  4 rats
42 creatures vanquished.

Vanquished Creatures (others)
  A fungus (D:2)
  5 plants (D:2)
6 creatures vanquished.

Grand Total: 48 creatures vanquished

Notes
Turn   | Place    | Note
-------+----------+-------------------------------------------
     0 | D:1      | theswoord the Demonspawn Gladiator began the quest for the
                  | Orb.
     0 | D:1      | Reached XP level 1. HP: 16/16 MP: 1/1
   314 | D:1      | Reached skill level 3 in Staves
   337 | D:1      | Gained mutation: You are partially covered in yellow
                  | scales. (AC +2) [demonic ancestry]
   337 | D:1      | Reached XP level 2. HP: 4/22 MP: 2/2
  1484 | D:2      | Reached XP level 3. HP: 24/27 MP: 3/3
  1655 | D:2      | Reached skill level 4 in Staves
  1920 | D:2      | Found a runed translucent door.
  1921 | D:2      | Noticed Crazy Yiuf
  2068 | D:2      | Reached XP level 4. HP: 33/33 MP: 4/4
  2196 | D:2      | Found a faded altar of an unknown god.
  2218 | D:2      | Noticed Natasha
  2224 | D:2      | Killed Natasha
  2504 | D:2      | Slain by Crazy Yiuf

Skill      XL: |  1  2  3 |
---------------+----------+-----
Staves         | 3 4 |  4.8
Fighting       | |  2.0
Throwing       | |  1.7
Dodging        | |  2.6

Action                   |  1- 3 |  4- 6 || total
-------------------------+-------+-------++-------
Melee: Quarterstaff      |   123 |    14 ||   137
 Stab: Sleeping          |     1 |       ||     1
Armor: Leather armour    |    59 |     2 ||    61
Dodge: Dodged            |    92 |     3 ||    95

Levels and vault maps discovered:
D:1:      dpeg_arrival_simpleton_a, layout_loops_corners
D:2:      layout_loops_ring, dreamdust_ecumenical_altar_grove, uniq_natasha,
          uniq_crazy_yiuf_cottage
